 Dungeon Crawl Stone Soup version 0.24.0-123-gd5b16e6ec5 (webtiles) character file.

Game seed: 3254297996479364243, levelgen mode: deterministic

63 Notrik the Skirmisher (level 4, -5/66 HPs)
             Began as a Hill Orc Berserker on Feb 7, 2020.
             Was a Believer of Trog.
             Killed by divine providence
             ... invoked by an orc priest
              (14 damage)
             ... on level 3 of the Dungeon.
             The game lasted 00:02:46 (1718 turns).

Notrik the Skirmisher (Hill Orc Berserker)          Turns: 1718, Time: 00:02:47

Health: -5/66      AC: 12    Str: 25    XL:     4   Next: 9%
Magic:  4/4        EV:  7    Int:  7    God:    Trog [**....]
Gold:   177        SH:  0    Dex: 10    Spells: 3/3 levels left

rFire    . . .     SeeInvis .   a - +0 hand axe
rCold    . . .     Gourm    .   (no shield)
rNeg     . . .     Faith    .   k - +0 plate armour
rPois    .         Spirit   .   (no helmet)
rElec    .         Reflect  .   (no cloak)
rCorr    .         Harm     .   (no gloves)
MR       ++...                  d - +0 pair of boots
Stlth    ..........             (no amulet)
HPRegen  1.21/turn              (no ring)
MPRegen  0.09/turn              (no ring)

@: berserking, regenerating, very quick
A: no striking features
a: Berserk, Trog's Hand, Renounce Religion, Convert to Beogh


You were on level 3 of the Dungeon.
You worshipped Trog.
Trog was pleased with you.
You were very hungry.

You visited 1 branch of the dungeon, and saw 3 of its levels.

You collected 177 gold pieces.

Inventory:

Hand Weapons
 a - a +0 hand axe (weapon)
Armour
 d - a +0 pair of boots (worn)
   (You found it on level 1 of the Dungeon)
 k - a +0 plate armour (worn)
   (You found it on level 2 of the Dungeon)
Jewellery
 c - an uncursed amulet of regeneration {unknown}
   (You found it on level 1 of the Dungeon)
 g - an uncursed ring of ice {unknown}
   (You found it on level 1 of the Dungeon)
 l - an uncursed ring of poison resistance {unknown}
   (You found it on level 2 of the Dungeon)
Scrolls
 f - 4 scrolls of immolation {unknown}
 h - 5 scrolls of identify {unknown}
 j - 2 scrolls of remove curse {unknown}
 n - a scroll of enchant armour {unknown}
Potions
 b - a potion of ambrosia {unknown}
 m - a potion of flight {unknown}
Comestibles
 e - 5 rations {!d}
 i - 4 chunks of flesh


   Skills:
 * Level 5.9 Fighting
 - Level 4.0 Axes
 - Level 2.1 Armour
 - Level 1.5 Dodging


You had 3 spell levels left.
You didn't know any spells.
Your spell library was empty.

Dungeon Overview and Level Annotations

Branches:
Dungeon (3/15)

Altars:


Message History

The orc priest hits you with a +0 flail.
The orc hits you but does no damage.
You barely miss the orc. You closely miss the orc priest.
The orc priest shouts, "Join the one true god or die!"
The orc wizard casts a spell.
The orc wizard flickers and vanishes!
Deactivating autopickup; reactivate with Ctrl-A.
The orc priest calls upon Beogh to heal the orc.
The orc is healed somewhat.
The orc barely misses you.
You closely miss the orc priest. You barely miss the orc.
The orc priest shouts, "Beogh is our master!
Accept the truth or die!"
The orc priest hits you with a +0 flail.
The orc hits you but does no damage.
You hit the orc priest but do no damage.
You closely miss the orc.
The orc priest threatens, "By the altar or by the axe, you will meet Beogh!"
The orc priest hits you but does no damage.
The orc hits you but does no damage.
You hit the orc priest but do no damage.
You completely miss the orc.
The orc priest threatens, "By the altar or by the axe, you will meet Beogh!"
The orc priest hits you with a +0 flail.
The orc hits you but does no damage.
You hit the orc priest.
Your plate armour prevents you from hitting the orc.
The orc priest miscasts a cantrip.
The orc barely misses you.
Your plate armour prevents you from hitting the orc priest.
You hit the orc.
The orc priest hits you with a +0 flail!
* * * LOW HITPOINT WARNING * * *
The orc hits you but does no damage.
Your skin crawls.
You feel resistant to hostile enchantments.
You feel somewhat more hungry.
The orc priest mumbles some strange prayers to Beogh against you.
Beogh smites you!
* * * LOW HITPOINT WARNING * * *
The orc hits you but does no damage.
A red film seems to cover your vision as you go berserk!
You feel yourself moving faster!
You feel mighty!
You are feeling very hungry.
You feel the effects of Trog's Hand fading.
The orc priest shouts, "Join the one true god or die!"
The orc priest hits you but does no damage.
The orc barely misses you.
You feel a strong urge to attack something.
The orc priest mumbles some strange prayers to Beogh against you.
Beogh smites you!
You die...

.# #.###.
.########## # #.#..
..........# #.#.#.#
#########)#
$#.#.###### #รท#
..........
######.####.#......#
#...........#......#
#.####.######..o.(.#
#...# #@#o#### #...#
#.#b# #...# #.#{#
#...# #.#o# #...#
#.#[. #...#
#.######### ##.##
#.......... #.#
#..######## #.#
#..#.##


You could see an orc priest.

Vanquished Creatures
  An adder (D:2)
  2 oozes (D:1)
  2 worms
  A dart slug (D:2)
  2 orcs (D:3)
  4 bats
  2 giant cockroaches (D:1)
  4 hobgoblins
  A ball python (D:1)
  2 frilled lizards
  6 goblins
  6 kobolds
  4 rats
37 creatures vanquished.

Notes
Turn   | Place    | Note
-------+----------+-------------------------------------------
     0 | D:1      | Notrik the Hill Orc Berserker began the quest for the Orb.
     0 | D:1      | Reached XP level 1. HP: 19/19 MP: 1/1
    80 | D:1      | Reached skill level 4 in Fighting
    94 | D:1      | Reached XP level 2. HP: 20/28 MP: 2/2
   862 | D:1      | Reached skill level 5 in Fighting
   862 | D:1      | Reached XP level 3. HP: 36/36 MP: 3/3
  1538 | D:3      | Reached XP level 4. HP: 34/44 MP: 4/4
  1657 | D:3      | Reached ** piety under Trog
  1718 | D:3      | Killed from afar by an orc priest

Levels and vault maps discovered:
D:1:      onia_arrival_pyramid, layout_basic
D:2:      layout_basic, minmay_close_crescents
D:3:      layout_basic, lemuel_coloured_pillars_altar

Skill      XL: |  1  2 |
---------------+-------+-----
Fighting       | 4 5 |  5.9
Axes           | |  4.0
Armour         | |  2.1
Dodging        | |  1.5

Action                   |  1- 3 |  4- 6 || total
-------------------------+-------+-------++-------
Melee: Hand axe          |   129 |    25 ||   154
Invok: Berserk           |       |     1 ||     1
       Trog's Hand       |       |     1 ||     1
 Stab: Sleeping          |     1 |       ||     1
  Eat: Chunk             |     2 |     1 ||     3
Armor: Animal skin       |     6 |       ||     6
       Plate armour      |    31 |    23 ||    54
       Chain mail        |    13 |       ||    13
Dodge: Dodged            |    68 |    11 ||    79
